 Dungeon Crawl Stone Soup version 0.29.1-13-g9f3cf754e1 (webtiles) character file.

Game seed: 9388013279673628038

347 KittyFluff the Cudgeller (level 6, -4/39 HPs)
             Began as a Gargoyle Berserker on Jan 29, 2023.
             Was a Priest of Trog.
             Killed by divine providence
             ... invoked by an orc priest
              (15 damage)
             ... on level 4 of the Dungeon.
             The game lasted 00:14:23 (3942 turns).

KittyFluff the Cudgeller (Gargoyle Berserker)       Turns: 3942, Time: 00:14:25

Health: -4/39      AC:  9    Str: 21    XL:     6   Next: 59%
Magic:  6/6        EV: 12    Int:  7    God:    Trog [***...]
Gold:   138        SH:  0    Dex: 11    Spells: 5/5 levels left

rFire   . . .      SeeInvis +   a - +0 mace
rCold   . . .      Faith    .   (no shield)
rNeg    + . .      Spirit   .   s - +0 leather armour
rPois   ∞          Reflect  .   j - +0 helmet
rElec   +          Harm     .   (no cloak)
rCorr   +          Rampage  .   (no gloves)
Will    .....                   (no boots)
Stlth   ++........              (no amulet)
HPRegen 0.13/turn               m - ring of see invisible
MPRegen 0.10/turn               q - ring of resist corrosion

@: no status effects
A: sickness immunity, AC +4, negative energy resistance 1, electricity
resistance, torment resistance 1, petrification resistance
a: Renounce Religion, Berserk, Trog's Hand


You were on level 4 of the Dungeon.
You worshipped Trog.
Trog was most pleased with you.
You visited 1 branch of the dungeon, and saw 4 of its levels.

You collected 138 gold pieces.

Inventory:

Hand Weapons
 a - a +0 mace (weapon)
 v - a +0 sling
Missiles
 d - 26 stones (quivered)
 o - 2 poisoned darts
Armour
 f - a +0 ring mail
 j - a +0 helmet (worn)
 s - a +0 leather armour (worn)
 C - a scarf of harm
Jewellery
 m - a ring of see invisible (left hand)
 q - a ring of resist corrosion (right hand)
Wands
 w - a wand of flame (13)
Scrolls
 h - 3 scrolls of teleportation {unknown}
 i - a scroll of fear {unknown}
 n - a scroll of summoning {unknown}
 r - 2 scrolls of immolation
 t - 2 scrolls of noise {unknown}
 u - 2 scrolls of magic mapping {unknown}
 y - a scroll of poison {unknown}
 z - 2 scrolls of identify {unknown}
 D - a scroll of enchant weapon {unknown}
Potions
 b - a potion of cancellation {unknown}
 c - 5 potions of heal wounds {unknown}
 e - a potion of brilliance {unknown}
 g - 2 potions of curing {unknown}
 k - a potion of attraction {unknown}
 l - 2 potions of mutation {unknown}
 p - a potion of invisibility {unknown}
 x - 2 potions of flight {unknown}
 A - a potion of resistance {unknown}
 B - a potion of haste {unknown}
 E - a potion of ambrosia {unknown}


   Skills:
 + Level 4.6 Fighting
 + Level 5.0 Maces & Flails
 * Level 3.8 Armour
 + Level 2.3 Dodging
 + Level 1.9 Stealth


You had 5 spell levels left.
You didn't know any spells.
Your spell library was empty.

Dungeon Overview and Level Annotations

Branches:
Dungeon (4/15)
 Temple: D:4-7

Altars:
Elyvilon
Nemelex Xobeh
Xom

Shops:
D:4 [[?*


Innate Abilities, Weirdness & Mutations

You are immune to sickness and miasma.
Your stone body is resilient. (AC +4)
You are immune to poison.
You resist negative energy. (rN+)
You are resistant to electric shocks. (rElec)
You are resistant to unholy torment.
You are immune to petrification.


Message History

An orc wizard and 2 orc priests come into view.
The orc wizard shouts!
The orc priest shouts!
An orc comes into view. It is wielding a +0 whip.
The orc priest moves out of view.
An orc comes into view. It is wielding a +0 mace.
The orc shouts!
The orc shouts!
The orc priest invokes the aid of Beogh against you.
Beogh smites you! The orc wizard casts a spell at you.
You resist with some effort.
Throw: 28 stones
Press: ? - help, Q - select action, (/) - cycle Shift-Dir - straight line, f - orc wizard
Aim: an orc wizard, wielding a +0 dagger and wearing a +0 robe (50% to hit)
You throw a stone.
The stone closely misses the orc wizard.
Throw: 27 stones
Press: ? - help, Q - select action, (/) - cycle Shift-Dir - straight line, f/p - orc wizard
Aim: an orc wizard, wielding a +0 dagger and wearing a +0 robe (50% to hit)
You throw a stone.
The stone hits the orc wizard but does no damage.
You sock the orc wizard!
The orc wizard is severely wounded.
The orc wizard misses you.
You miss the orc wizard.
The orc wizard is severely wounded.
The orc wizard hits you but does no damage.
You sock the orc wizard!
You kill the orc wizard!
Trog accepts your kill.
Trog appreciates your killing of a magic user.
Your Maces & Flails skill increases to level 5!
You closely miss the orc priest. The orc priest hits you with a +0 club.
You barely miss the orc priest.
The orc priest calls down the wrath of Beogh upon you.
Beogh smites you!
* * * LOW HITPOINT WARNING * * *
The orc priest calls down the wrath of Beogh upon you.
Beogh smites you!
You die... ###[###.# #.# ....# #.# oo.

....# #.# #o# ....#
#.######.#
....###......#o#
#.......##.....#
........>#.#...#
#........#.#..o#####.#
..)......#.#..oo@....#
....#....#.#.#.#######
....#.##.#..∩..#
....#.# ...#.#.#
....#.#..#.#.#.#
....#.#.........
....#.# .....#.#
+#..#.# .. .#. . ....#


You could see 2 orc priests and an orc.

Vanquished Creatures
  A phantom (D:4)
  A hound (D:4)
  Natasha (thrice) (D:4)
  An orc wizard (D:4)
  5 adders
  3 dart slugs
  An orc (D:3)
  9 endoplasms
  5 giant cockroaches
  10 hobgoblins
  A quokka (D:2)
  2 ball pythons (D:2)
  9 bats
  3 frilled lizards (D:1)
  17 goblins
  7 kobolds
  8 rats
86 creatures vanquished.

Vanquished Creatures (others)
  2 fungi (D:1)
  A plant (D:1)
3 creatures vanquished.

Grand Total: 89 creatures vanquished

Notes
Turn   | Place    | Note
-------+----------+-------------------------------------------
     0 | D:1      | KittyFluff the Gargoyle Berserker began the quest for the
                  | Orb.
     0 | D:1      | Reached XP level 1. HP: 14/14 MP: 1/1
   494 | D:1      | Reached XP level 2. HP: 20/20 MP: 2/2
   743 | D:1      | Found a faded altar of an unknown god.
   853 | D:1      | Reached XP level 3. HP: 22/24 MP: 3/3
  1011 | D:1      | Reached ** piety under Trog
  1422 | D:2      | Reached XP level 4. HP: 20/29 MP: 4/4
  1864 | D:2      | Reached skill level 4 in Maces & Flails
  2014 | D:2      | Reached *** piety under Trog
  2203 | D:3      | Found a white marble altar of Elyvilon.
  2210 | D:3      | Reached skill level 1 in Stealth
  2210 | D:3      | Reached XP level 5. HP: 31/33 MP: 5/5
  2430 | D:3      | Found a sparkling altar of Nemelex Xobeh.
  2900 | D:4      | Noticed Natasha
  2901 | D:4      | Noticed a phantom
  2922 | D:4      | Killed Natasha
  3220 | D:4      | Killed a phantom
  3221 | D:4      | Reached XP level 6. HP: 34/39 MP: 6/6
  3246 | D:4      | Found Vicihet's Antique Armour Shoppe.
  3295 | D:4      | Found Gozas's Antique Armour Shoppe.
  3315 | D:4      | Found a shimmering altar of Xom.
  3369 | D:4      | Noticed Natasha
  3380 | D:4      | Killed Natasha
  3540 | D:4      | Noticed Natasha
  3554 | D:4      | Killed Natasha
  3671 | D:4      | Found Fiosoph's Magic Scroll Boutique.
  3929 | D:4      | Found Keiqiab's General Store.
  3941 | D:4      | Reached skill level 5 in Maces & Flails
  3942 | D:4      | Killed from afar by an orc priest

Illustrated notes

Levels and vault maps discovered:
D:1:      wander_arrival_estate, layout_loops_corners,
          shapermc_ecumenical_altar_mp_ritualfount, minmay_heptomino_d4
D:2:      kennysheep_the_goblin_king, layout_rooms, minmay_guardbox
D:3:      layout_loops_ring, elyvilon_altar_4, nemelex_dance_club_becter
D:4:      layout_basic, marbit_many_paths, serial_corexii_hall,
          corexii_hall_statues_x, corexii_hall_statues_i, serial_shops,
          nicolae_shop_crystal, nicolae_inconvenience_store, shop_statue,
          nicolae_shop_hallway_plus, uniq_natasha, uniq_menkaure, uniq_grinder

Skill      XL: |  1  2  3  4  5  6 |
---------------+-------------------+-----
Fighting       | 4 |  4.6
Maces & Flails | 4 5 |  5.0
Armour         | 3 |  3.8
Stealth        | 1 |  1.9
Dodging        | 2 |  2.3

Action                   |  1- 3 |  4- 6 || total
-------------------------+-------+-------++-------
Melee: Mace              |   147 |   178 ||   325
       Punch             |     2 |     1 ||     3
Throw: Stone             |       |     2 ||     2
Invok: Berserk           |       |     1 ||     1
  Use: Scroll            |       |     1 ||     1
 Stab: Sleeping          |       |     2 ||     2
Armor: Animal skin       |    40 |     4 ||    44
       Leather armour    |       |    83 ||    83
Dodge: Dodged            |   103 |   104 ||   207
